 Dungeon Crawl Stone Soup version 0.27-a0-909-g0721f309d1 (webtiles) character file.

Game seed: 500378036159755317

1554 lunkers the Magician (level 8, -2/61 HPs)
             Began as a Djinni Earth Elementalist on Apr 8, 2021.
             Was an Initiate of Makhleb.
             Killed by divine providence
             ... invoked by an orc priest
              (12 damage)
             ... on level 6 of the Dungeon.
             The game lasted 00:07:53 (8212 turns).

lunkers the Magician (Djinni Earth Elementalist)    Turns: 8212, Time: 00:07:54

Health: -2/61      AC:  3    Str:  7    XL:     8   Next: 88%
Gold:   313        EV: 12    Int: 18    God:    Makhleb [......] SH:  0 Dex: 15

rFire    + + .     SeeInvis .   e - staff of conjuration
rCold    . . .     Faith    .   (no shield)
rNeg     . . .     Spirit   .   c - +0 robe
rPois    ∞         Reflect  .   (no helmet)
rElec    .         Harm     .   m - +0 cloak
rCorr    .         Rampage  .   (no gloves)
Will     +....                  (boots unavailable)
Stlth    ++........             (no amulet)
HPRegen  0.20/turn              q - ring of protection from cold
MPRegen  0.00/turn              D - ring of willpower

@: flying
A: fire resistance 2, cold vulnerability 1, float, innate caster, hp casting,
extra vitality 1
a: Renounce Religion


You were on level 6 of the Dungeon.
You worshipped Makhleb.
Makhleb was noncommittal.
You visited 2 branches of the dungeon, and saw 7 of its levels.
You also visited: Sewer.

You collected 313 gold pieces.

Inventory:

Hand Weapons
 g - a +0 short sword of flaming
 G - the +2 long sword of Tension {vorpal, rElec rF+ rN++ Int-3}
   (You found it on level 5 of the Dungeon)

   It inflicts extra damage upon your enemies.
   It affects your intelligence (-3).
   It protects you from fire.
   It insulates you from electricity.
   It greatly protects you from negative energy.
Missiles
 b - 83 stones
 k - a throwing net
Armour
 c - a +0 robe (worn)
 m - a +0 cloak (worn)
Magical Staves
 e - a staff of conjuration (weapon)
Jewellery
 j - a ring of protection from fire
 q - a ring of protection from cold (left hand)
 C - a ring of protection from cold
 D - a ring of willpower (right hand)
Wands
 r - a wand of flame (10)
 E - a wand of iceblast (6)
Scrolls
 d - 7 scrolls of teleportation {unknown}
 f - 3 scrolls of blinking {unknown}
 h - a scroll of enchant weapon {unknown}
 l - a scroll of magic mapping {unknown}
 o - 5 scrolls of identify {unknown}
 v - a scroll of immolation {unknown}
 w - a scroll of fog {unknown}
 y - 2 scrolls of fear {unknown}
 z - a scroll of summoning {unknown}
 A - a scroll of brand weapon {unknown}
 B - a scroll of silence {unknown}
 F - a scroll of acquirement {unknown}
Potions
 a - 2 potions of degeneration {unknown}
 i - 4 potions of heal wounds {unknown}
 p - a potion of lignification {unknown}
 s - 3 potions of curing {unknown}
 t - 2 potions of attraction {unknown}
 u - 4 potions of might {unknown}
 x - a potion of magic {unknown}


   Skills:
 + Level 6.1 Fighting
 - Level 2.1 Dodging
 - Level 1.5 Stealth
 * Level 7.9 Spellcasting


You had one spell level left.
You knew the following spells:

 Your Spells              Type           Power      Damage    Failure   Level
a - Stone Arrow           Conj/Erth      100%       3d13      1%          3
b - Passwall              Tmut/Erth      29%        N/A       1%          2
c - Sandblast             Erth           70%        2d15      1%          1
d - Petrify               Tmut/Erth      35%        N/A       3%          4
e - Lee's Rapid Deconstr  Erth           17%        3d12*     11%         5
f - Foxfire               Conj/Fire      100%       2x1d9     1%          1
g - Slow                  Hex            35%        N/A       1%          2
h - Spider Form           Tmut/Pois      17%        N/A       1%          3
Your spell library was empty.

Dungeon Overview and Level Annotations

Branches:
Dungeon (6/15)             Temple (1/1) D:6           Sewer (visited)

Altars:
Ashenzari
Cheibriados
Dithmenos
Elyvilon
Fedhas
Hepliaklqana
Makhleb
Nemelex Xobeh
Okawaru
Ru
Uskayaw
Vehumet
Wu Jian
Xom
Yredelemnul
Zin
The Shining One

Shops:
D:3 !?*?

Annotations:
D:6 Grinder


Innate Abilities, Weirdness & Mutations

You are immune to poison.
Your flesh is very heat resistant. (rF++)
You are vulnerable to cold. (rC-)
You float through the air rather than walking.
You learn spells naturally, not from books.
Your magical power is your life essence.
You have superior vitality. (+4 HP)


Message History

Confirm with . or Enter, or press ? or * to list all spells.
Aiming: Sandblast (safe; 1% risk of failure)
Press: ? - help, Shift-Dir - straight line, f/p - Grinder
Aim: Grinder (moderately wounded, 20% to evade)
The blast of sand misses Grinder.
* * * LOW HITPOINT WARNING * * *
The orc warrior throws a boomerang.
The boomerang hits you.
* * * LOW HITPOINT WARNING * * *
Grinder blinks!
Unknown command.
Casting: Sandblast (safe; 1% risk of failure)
Confirm with . or Enter, or press ? or * to list all spells.
Aiming: Sandblast (safe; 1% risk of failure)
Press: ? - help, Shift-Dir - straight line, f - orc, p - Grinder
Aim: an orc, wielding a +0 short sword (18% to evade)
The blast of sand hits the orc!!
You kill the orc!
Makhleb accepts your kill.
* * * LOW HITPOINT WARNING * * *
Grinder gestures at you. Pain shoots through your body!
* * * LOW HITPOINT WARNING * * *
Unknown command.
The orc priest closely misses you.
Grinder blinks!
The orc priest barely misses you.
The orc warrior throws a boomerang.
The boomerang hits you.
* * * LOW HITPOINT WARNING * * *
The orc priest calls down the wrath of Beogh upon you.
You easily resist.
Casting: Sandblast (safe; 1% risk of failure)
Confirm with . or Enter, or press ? or * to list all spells.
Aiming: Sandblast (safe; 1% risk of failure)
Press: ? - help, Shift-Dir - straight line, f - orc priest
Aim: an orc priest, wielding a +0 short sword and wearing a +0 leather armour (18% to evade)
The blast of sand hits the orc priest!
The orc priest is almost dead.
* * * LOW HITPOINT WARNING * * *
The orc priest mumbles some strange prayers to Beogh against you.
Beogh smites you!
You die...

....##..................#####
#.# .8.##..#...#....#.<..####
#.# ...#......>..#......##
#####.# ........#.......##.##
#.....# ..#..........#..#..#
#.##### ##.#.##....#.##.##
#.# ..#. #......##.# ##.#
#......#..# ##..# #.......@##
#..## ####......#### #.##
#>.......o..)### #.#
##.##.###...####o..###.#
............##o.o#.§...##
#..........oo...####...#
......>##..o......# #.#.#
..........##......###.#.###
#...).....................##


You could see an orc priest.

Vanquished Creatures
  Sigmund (D:5)
  Menkaure (D:5)
  An ice beast (D:6)
  An ogre (D:5)
  2 scorpions (D:5)
  A water moccasin skeleton (D:6)
  4 wights (D:6)
  A bullfrog zombie (D:5)
  A hound (D:6)
  2 bullfrog skeletons
  A gnoll shaman (D:5)
  2 centaur skeletons (D:6)
  3 iguanas
  Ijyb (D:5)
  Natasha (thrice) (D:2)
  An orc wizard (D:4)
  11 gnolls
  8 adders
  4 river rats
  An ufetubus (D:6)
  3 worms
  2 dart slugs
  13 orcs
  15 ball pythons
  12 endoplasms
  8 giant cockroaches
  8 goblins
  7 hobgoblins
  13 kobolds
  5 quokkas
  7 bats
  6 frilled lizards
  13 rats
162 creatures vanquished.

Notes
Turn   | Place    | Note
-------+----------+-------------------------------------------
     0 | D:1      | lunkers the Djinni Earth Elementalist began the quest for
                  | the Orb.
     0 | D:1      | Reached XP level 1. HP: 15/15 MP: 0/0
   225 | D:1      | Reached skill level 3 in Spellcasting
   225 | D:1      | Reached XP level 2. HP: 21/22 MP: 0/0
   441 | D:1      | Reached skill level 1 in Fighting
   748 | D:1      | Reached XP level 3. HP: 25/27 MP: 0/0
   748 | D:1      | Learned a level 1 spell: Foxfire
  1220 | D:2      | Noticed Natasha
  1227 | D:2      | Killed Natasha
  1287 | D:2      | Found a faded altar of an unknown god.
  1313 | D:2      | Reached XP level 4. HP: 28/33 MP: 0/0
  1493 | D:2      | Noticed Natasha
  1500 | D:2      | Killed Natasha
  1501 | D:2      | Reached skill level 4 in Spellcasting
  1916 | D:2      | Reached XP level 5. HP: 11/39 MP: 0/0
  1916 | D:2      | Learned a level 2 spell: Slow
  2469 | D:2      | Noticed Natasha
  2476 | D:2      | Killed Natasha
  2982 | D:3      | Found Udaulywk's General Store.
  3202 | D:3      | Found Batyivan's Magic Scroll Emporium.
  3466 | D:3      | Found Luemnyi's Distillery.
  3658 | D:3      | Reached XP level 6. HP: 43/46 MP: 0/0
  3938 | D:3      | Found Ynapnox's Magic Scroll Boutique.
  4327 | D:4      | Found a white marble altar of Elyvilon.
  4386 | D:4      | Found a glowing drain.
  4391 | D:4      | Reached skill level 5 in Spellcasting
  4399 | Sewer    | Entered a sewer
  5781 | D:4      | Found a sacrificial altar of Ru.
  6040 | D:4      | Reached XP level 7. HP: 48/51 MP: 0/0
  6040 | D:4      | Learned a level 3 spell: Spider Form
  6097 | D:4      | Found an iron altar of Okawaru.
  6180 | D:5      | Entered Level 5 of the Dungeon
  6443 | D:5      | Reached skill level 6 in Spellcasting
  6454 | D:5      | Noticed Ijyb
  6806 | D:5      | Killed Ijyb
  7281 | D:5      | Noticed Sigmund
  7327 | D:5      | Identified the +2 long sword of Tension {vorpal, rElec rF+
                  | rN++ Int-3}
  7380 | D:5      | Killed Sigmund
  7381 | D:5      | Reached skill level 5 in Fighting
  7381 | D:5      | Reached XP level 8. HP: 53/59 MP: 0/0
  7433 | D:5      | Noticed Menkaure
  7434 | D:5      | Killed Menkaure
  7435 | D:5      | Reached skill level 7 in Spellcasting
  7482 | D:6      | Identified the +0 chain mail of Fallacy {-Cast Int+4
                  | Stlth+}
  7498 | D:6      | Found a staircase to the Ecumenical Temple.
  7516 | Temple   | Entered the Ecumenical Temple
  7825 | Temple   | Became a worshipper of Makhleb the Destroyer
  8192 | D:6      | Noticed Grinder
  8212 | D:6      | Killed from afar by an orc priest

Illustrated notes

Levels and vault maps discovered:
D:1:      dpeg_arrival_connections, layout_loops_ring, minivault_25
D:2:      layout_basic, basic_ecumenical_altar, minmay_indecisive_spiral,
          uniq_natasha
D:3:      layout_rooms, serial_shops, shop,
          nicolae_shop_temple_entry_statues_fountains, shop, shop_fountains,
          corexii_corridor_pit
D:4:      layout_cave_pools, amcnicky_altar_gilded, lemuel_doored_altar,
          nicolae_elyvilon_temple_path, portal_sewer_entry_c,
          kennysheep_windowed_goal
D:5:      layout_rooms, chequers_arboretum, uniq_menkaure, uniq_sigmund,
          uniq_ijyb
D:6:      layout_rooms, minmay_temple_entry_waves, glass_columns_a, uniq_grinder
Temple:   dpeg_chambers_temple

Skill      XL: |  1  2  3  4  5  6  7  8 |
---------------+-------------------------+-----
Spellcasting   | 3 4 5 6 7 |  7.9
Fighting       | 1 2 3 5 6 |  6.1
Dodging        | |  2.1
Stealth        | |  1.5

Action                   |  1- 3 |  4- 6 |  7- 9 || total
-------------------------+-------+-------+-------++-------
Melee: Staff             |       |       |     2 ||     2
 Cast: Sandblast         |    43 |    10 |     8 ||    61
       Stone Arrow       |       |   120 |    56 ||   176
Armor: Robe              |     1 |     4 |       ||     5
Dodge: Dodged            |     2 |    20 |     9 ||    31

Table legend: (Time is in decaauts)
 A = Elapsed time spent in this place.
 B = Non-inter-level travel time spent in this place.
 C = Inter-level travel time spent in this place.
 D = Time resting spent in this place.
 E = Time spent auto-exploring this place.
 F = Levels seen in this place.
 G = Mean time per level.
                   A        B        C        D        E       F      G
               +--------+--------+--------+--------+--------+-----+--------+
         Total |   8223 |   7990 |    233 |    863 |   6215 |   8 | 1027.9 |
       Dungeon |   7092 |   6880 |    212 |    736 |   5304 |   6 | 1182.0 |
        Temple |    330 |    309 |     21 |      0 |    306 |   1 |  330.0 |
         Sewer |    799 |    799 |      0 |    127 |    605 |   1 |  799.0 |
               +--------+--------+--------+--------+--------+-----+--------+

Top non-repeatable levels by time:
     D:2: 1739 daAuts
     D:4: 1442 daAuts
     D:3: 1331 daAuts
     D:1: 1201 daAuts
     D:5: 965 daAuts
   Sewer: 799 daAuts
     D:6: 412 daAuts
  Temple: 330 daAuts
